 Dungeon Crawl Stone Soup version 0.30-a0-457-g4b7bca3bfa (webtiles) character file.

Game seed: 153084406643623166

1017 karrick the Cudgeller (level 8, -4/49 HPs)
             Began as a Gargoyle Fighter on Dec 12, 2022.
             Slain by an orc knight
             ... wielding a +0 war axe
              (8 damage)
             ... in a bailey.
             The game lasted 00:12:58 (4557 turns).

karrick the Cudgeller (Gargoyle Fighter)            Turns: 4557, Time: 00:12:58

Health: -4/49      AC: 20    Str: 20    XL:     8   Next: 22%
Magic:  2/2        EV:  9    Int:  9    God:
Gold:   338        SH:  5    Dex: 11    Spells: 7/7 levels left

rFire   . . .      SeeInvis .    G - +5 demon whip "Spellbinder" {antimagic, Will+}
rCold   . . .      Faith    .    c - +0 buckler
rNeg    + + .      Spirit   .    b - +0 scale mail
rPois   ∞          Reflect  .    u - +1 helmet
rElec   +          Harm     .    p - scarf {repulsion}
rCorr   .          Rampage  .    f - +0 pair of gloves
Will    +....                    (no boots)
Stlth   ..........               (no amulet)
HPRegen 0.28/turn                s - +4 ring of protection
MPRegen 0.08/turn                r - ring of positive energy

@: mighty, about to teleport, repel missiles
A: sickness immunity, AC +5, negative energy resistance 1, electricity
resistance, torment resistance 1, petrification resistance
a: no special abilities


You were in a bailey.
You visited 1 branch of the dungeon, and saw 6 of its levels.
You also visited: Ossuary and Bailey.

You collected 338 gold pieces.

Inventory:

Hand Weapons
 a - a +0 flail
 G - the +5 demon whip "Spellbinder" (weapon) {antimagic, Will+}
   (You acquired it in a bailey)

   It reduces the magical energy of the wielder, and disrupts the spells and
   magical abilities of those it strikes.
   Natural abilities and divine invocations are not affected.
   It unleashes wild and unpredictable magical effects upon striking a wizard or
   a creature with magical abilities.
   Will:      It increases your willpower.
Armour
 b - a +0 scale mail (worn)
 c - a +0 buckler (worn)
 f - a +0 pair of gloves (worn)
 p - a scarf of repulsion (worn)
 u - a +1 helmet (worn)
 B - a +1 cloak
Jewellery
 r - a ring of positive energy (right hand)
 s - a +4 ring of protection (left hand)
 C - a ring of protection from fire
Wands
 d - a wand of flame (31)
Scrolls
 e - 2 scrolls of acquirement
 h - a scroll of teleportation
 l - 2 scrolls of amnesia
 m - 2 scrolls of fog
 n - 2 scrolls of enchant weapon
 t - a scroll of immolation {unknown}
 v - 2 scrolls of vulnerability {unknown}
 y - 2 scrolls of poison {unknown}
 z - a scroll of enchant armour {unknown}
 D - a scroll of magic mapping {unknown}
 E - a scroll of fear {unknown}
Potions
 g - 2 potions of degeneration {unknown}
 i - 4 potions of brilliance
 j - 3 potions of curing {unknown}
 k - a potion of flight {unknown}
 o - 2 potions of attraction {unknown}
 q - 2 potions of magic {unknown}
 w - 2 potions of might
 x - 2 potions of heal wounds {unknown}
 A - a potion of invisibility {unknown}
 F - a potion of mutation {unknown}


   Skills:
 + Level 5.1 Fighting
 + Level 6.6 Maces & Flails
 + Level 5.7 Armour
 + Level 0.5 Stealth
 + Level 5.1 Shields


You had 7 spell levels left.
You didn't know any spells.
Your spell library contained the following spells:

 Spells                   Type           Power      Damage    Failure   Level
 Ignite Poison            Fire/Tmut/Pois 0%         N/A       99%         3
 Kindle Blastsparks       Fire/Tloc/Air  0%         2d10      99%         3
 Airstrike                Air            0%         2d(0-16)  100%        4
 Summon Lightning Spire   Summ/Air       0%         N/A       100%        4
 Freezing Cloud           Conj/Ice/Air   0%         6-21      100%        5
 Lightning Bolt           Conj/Air       0%         1d11      100%        5


Dungeon Overview and Level Annotations

Branches:
Dungeon (7/15)            Ossuary (visited)          Bailey (1/1)
 Temple: D:4-7

Altars:
Dithmenos
Nemelex Xobeh
Ru
Sif Muna
Uskayaw
Xom

Shops:
D:5 [

Annotations:
D:3 2 runed translucent doors, cforsyth's ghost, amateur MiBe
D:4 3 runed translucent doors, p00ps00p's ghost, amateur HOFi


Innate Abilities, Weirdness & Mutations

You are immune to sickness and miasma.
Your stone body is resilient. (AC +5)
You are immune to poison.
You resist negative energy. (rN+)
You are resistant to electric shocks. (rElec)
You are resistant to unholy torment.
You are immune to petrification.


Message History

The goblin attacks as you move away! The goblin closely misses you.
Things that are here:
a +0 hand axe; a +0 leather armour; an orc corpse An orc warrior comes into view.
It is wielding a +0 broad axe.
There is an open door here.
Things that are here:
a +0 hand axe; a +0 leather armour; a hobgoblin corpse The goblin attacks as you move away!
The goblin closely misses you.
The orc warrior shouts!
Something appears at your feet! The goblin barely misses you.
Okay, then.
You feel magic leave you.
G - the +5 demon whip "Spellbinder" (weapon)
{antimagic, Will+} The goblin closely misses you.
You feel very mighty all of a sudden. The goblin hits you but does no damage.
You whack the goblin!
You kill the goblin!
You barely miss the gnoll. You whack the gnoll!
You kill the gnoll!
You barely miss the orc warrior. You block the orc warrior's attack.
You hit the orc knight.
The orc knight is lightly wounded.
You block the orc warrior's attack.
The orc knight roars a battlecry!
The orc warrior goes into a battle-frenzy!
You miss the orc knight.
The orc warrior hits you with a +0 broad axe!!
Ouch! That really hurt!
As you read the scroll of teleportation, it crumbles to dust.
You feel strangely unstable.
The orc warrior no longer looks unusually strong.
The orc warrior hits you with a +0 broad axe!!
* * * LOW HITPOINT WARNING * * *
The orc knight barely misses you. The orc warrior barely misses you.
Unknown command.
The orc warrior barely misses you.
The orc knight hits you with a +0 war axe!
You die...

#.8...#.....#
#.....#######
#.8#### #..#
#.8# #.)#
##o# #.o#
#o@# #..#
#..# #..#
#'## ... ...
##.


You could see an orc knight and 2 orc warriors.

Vanquished Creatures
  A black bear (D:3)
  An ice beast (D:7)
  An ogre (D:4)
  2 phantoms (D:5)
  2 necrophages
  A scorpion (D:5)
  A jelly (D:5)
  An orc priest (D:3)
  4 iguanas
  3 mummies (Ossuary)
  5 gnolls
  4 adders
  An ufetubus (D:5)
  4 adder zombies (Ossuary)
  3 dart slugs
  8 orcs
  6 endoplasms
  3 giant cockroaches (D:2)
  A gnoll zombie (Ossuary)
  8 goblins
  10 hobgoblins
  3 jackals (D:2)
  3 quokkas
  6 ball pythons
  7 bats
  4 frilled lizards (D:1)
  A goblin zombie (Ossuary)
  3 hobgoblin zombies (Ossuary)
  4 kobolds
  3 quokka zombies (Ossuary)
  7 rats
  6 rat zombies (Ossuary)
117 creatures vanquished.

Vanquished Creatures (others)
  4 fungi (D:3)
  4 toadstools (D:3)
8 creatures vanquished.

Grand Total: 125 creatures vanquished

Notes
Turn   | Place    | Note
-------+----------+-------------------------------------------
     0 | D:1      | karrick the Gargoyle Fighter began the quest for the Orb.
     0 | D:1      | Reached XP level 1. HP: 14/14 MP: 1/1
   139 | D:1      | Reached XP level 2. HP: 14/19 MP: 2/2
   330 | D:1      | Reached XP level 3. HP: 21/23 MP: 3/3
  1723 | D:3      | Reached XP level 4. HP: 29/29 MP: 4/4
  1761 | D:3      | Noticed a necrophage
  1780 | D:3      | Killed a necrophage
  1781 | D:3      | Reached skill level 3 in Maces & Flails
  1781 | D:3      | Reached XP level 5. HP: 20/33 MP: 5/5
  2213 | D:3      | Noticed a black bear
  2223 | D:3      | Killed a black bear
  2224 | D:3      | Reached skill level 4 in Maces & Flails
  2224 | D:3      | Reached XP level 6. HP: 30/38 MP: 6/6
  2287 | D:3      | Found a large runed translucent door.
  2287 | D:3      | Found a large runed translucent door.
  2291 | D:3      | Noticed cforsyth's ghost (amateur MiBe)
  2851 | D:4      | Found a sparkling altar of Nemelex Xobeh.
  2892 | D:4      | Noticed an ice beast
  2903 | D:4      | Found a runed translucent gate.
  2903 | D:4      | Found a runed translucent gate.
  2903 | D:4      | Found a runed translucent gate.
  2964 | D:4      | Noticed an ice beast
  2984 | D:4      | Noticed p00ps00p's ghost (amateur HOFi)
  3075 | D:4      | Reached skill level 5 in Maces & Flails
  3180 | D:4      | Found a shimmering altar of Xom.
  3282 | D:4      | Reached XP level 7. HP: 44/44 MP: 7/7
  3484 | D:5      | Entered Level 5 of the Dungeon
  3507 | D:5      | Reached skill level 5 in Armour
  3512 | D:5      | Found a sacrificial altar of Ru.
  3512 | D:5      | Found a shimmering blue altar of Sif Muna.
  3664 | D:5      | Found Dynweammeto's Antique Armour Emporium.
  3845 | D:5      | Reached skill level 6 in Maces & Flails
  3974 | D:5      | Found a shadowy altar of Dithmenos.
  3974 | D:5      | You fall into a shaft and drop 2 floors!
  3987 | D:7      | Identified 3 scrolls of acquirement
  4014 | D:7      | Reached skill level 5 in Shields
  4014 | D:7      | Reached XP level 8. HP: 48/48 MP: 8/8
  4134 | D:7      | Reached skill level 5 in Fighting
  4179 | D:7      | Found a sand-covered staircase.
  4187 | Ossuary  | Entered an ossuary
  4434 | D:7      | Found a hide-covered altar of Uskayaw.
  4434 | D:7      | Noticed a +0 hand axe
  4434 | D:7      | Noticed a +0 dagger
  4436 | D:7      | Found a flagged portal.
  4445 | Bailey   | Entered a bailey
  4507 | Bailey   | Noticed an orc knight
  4547 | Bailey   | Acquired the +5 demon whip "Spellbinder" {antimagic, Will+}
  4547 | Bailey   | Found the +5 demon whip "Spellbinder" {antimagic, Will+}
  4557 | Bailey   | Slain by an orc knight

Illustrated notes

Levels and vault maps discovered:
D:1:      grunt_arrival_lava_bath, layout_basic, minmay_misc_feat_doors,
          minmay_bisected
D:2:      layout_loops_corners
D:3:      layout_loops_ring, ebering_ghost_disaster_area,
          minmay_gold_behind_fungi
D:4:      layout_loops_ring, mainiacjoe_overflow_alcove_2,
          nemelex_spade_bored_becter, gammafunk_ghost_icy
D:5:      layout_loops_cross, tgw_trog, grunt_dithmenos_shadows,
          grunt_temple_overflow_open, serial_shops, kennysheep_little_box,
          nicolae_shop_hallway_plus, nicolae_shop_waterfront
D:7:      layout_basic, dancing_weapons_uskayaw, enter_bailey_2,
          chequers_ossuary_entry_cave, grunt_ministairs_6
Bailey:   bailey_axe_of_yendor_kennysheep, bailey

Skill      XL: |  1  2  3  4  5  6  7  8 |
---------------+-------------------------+-----
Maces & Flails | 3 4 5 6 |  6.6
Armour         | 4 5 |  5.7
Shields        | 4 5 |  5.1
Fighting       | 4 5 |  5.1
Stealth        | |  0.5

Action                   |  1- 3 |  4- 6 |  7- 9 || total
-------------------------+-------+-------+-------++-------
Melee: Flail             |   167 |   149 |   205 ||   521
       Demon whip        |       |       |     6 ||     6
  Use: Potion            |       |     2 |     2 ||     4
       Scroll            |       |       |    10 ||    10
Armor: Scale mail        |    94 |    92 |   126 ||   312
Dodge: Dodged            |    95 |    84 |   120 ||   299
       Repelled          |     2 |       |       ||     2
Block: Buckler           |    44 |    38 |    48 ||   130

Table legend: (Time is in decaauts)
 A = Elapsed time spent in this place.
 B = Non-inter-level travel time spent in this place.
 C = Inter-level travel time spent in this place.
 D = Time resting spent in this place.
 E = Time spent auto-exploring this place.
 F = Levels seen in this place.
 G = Mean time per level.
                   A        B        C        D        E       F      G
               +--------+--------+--------+--------+--------+-----+--------+
         Total |   4671 |   4440 |    231 |      0 |   3017 |   8 |  583.9 |
       Dungeon |   4380 |   4149 |    231 |      0 |   3017 |   6 |  730.0 |
       Ossuary |    177 |    177 |      0 |      0 |      0 |   1 |  177.0 |
        Bailey |    113 |    113 |      0 |      0 |      0 |   1 |  113.0 |
               +--------+--------+--------+--------+--------+-----+--------+

Top non-repeatable levels by time:
     D:3: 1064 daAuts
     D:2: 932 daAuts
     D:4: 902 daAuts
     D:1: 755 daAuts
     D:5: 422 daAuts
     D:7: 303 daAuts
 Ossuary: 177 daAuts
  Bailey: 113 daAuts
